Map: Frozen Temple

Players

blackxored - Winner!

  • Race: Zerg Zerg
  • League: Platinum

Snafu

  • Race: Zerg Zerg
  • League: Platinum

VOD

Have the link to the VOD?

Description

Time

  • Played on: June 30, 2016, 5:34 a.m.
  • Length: 4:49
Show
View Real Time Build Order
Export as new Build Order

blackxored Zerg - Winner!

Build Orders: Hatch First 

Get SALT Encoding   

  12  0:01  Drone  
  13  0:10  Drone  
  14  0:19  Overlord  
  14  0:25  Extractor, Drone  
  15  0:39  Drone x2  
  17  0:54  Hatchery  
  16  0:57  Drone  
  16  0:59  Drone  
  18  1:12  Extractor  
  18  1:16  Spawning Pool  
  18  1:18  Drone  
  17  1:21  Drone  
  18  1:29  Drone  
  19  1:38  Overlord  
  19  1:50  Drone  
  20  2:04  Queen  
  20  2:05  Zergling x2, Spine Crawler  
  20  2:06  Queen  
  20  2:07  Zergling x2  
  25  2:10  Zergling x2  
  25  2:15  Metabolic Boost  
  26  2:19  Zergling x2  
  27  2:29  Zergling x4  
  29  2:41  Baneling Nest  
  28  2:48  Zergling x2  
  28  2:49  Zergling x6  
  32  3:06  Drone x2  
  32  3:07  Drone  
  32  3:11  Overlord  
  34  3:42  Baneling x7  
  34  3:44  Zergling x10  
  34  3:45  Zergling x4  
  41  3:53  Drone  
  42  3:57  Queen  
  44  4:11  Overlord x2  
Show
View Real Time Build Order
Export as new Build Order

Snafu Zerg 

Build Orders: Pool First 

Get SALT Encoding   

  12  0:03  Drone  
  13  0:11  Drone  
  14  0:28  Extractor, Drone  
  13  0:33  Spawning Pool  
  13  0:38  Drone  
  14  0:43  Extractor  
  14  0:48  Overlord  
  13  0:56  Drone  
  14  1:03  Overlord  
  15  1:20  Queen  
  15  1:23  Zergling x2  
  18  1:30  Metabolic Boost  
  18  1:34  Zergling x2  
  19  1:40  Zergling x2  
  19  1:45  Zergling x2  
  21  1:50  Zergling x2  
  22  2:00  Baneling Nest  
  21  2:04  Zergling x2  
  22  2:17  Zergling x2  
  23  2:28  Zergling x2  
  24  2:43  Hatchery  
  23  2:44  Zergling x4  
  23  2:50  Baneling x3  
  25  3:02  Zergling x4  
  27  3:09  Overlord  
  27  3:25  Drone x3  
  21  3:49  Roach Warren, Zergling x6  
  23  4:05  Zergling x6  
  26  4:16  Zergling x2  
  28  4:17  Zergling x2  
  28  4:23  Baneling x2  
Tags
 
Add a new tag
Caveats
  • Supply blocks, unpowered buildings, or Contaminate may cause inaccurate times.
  • Supply counts are checked every 10 seconds.